 Dungeon Crawl Stone Soup version 0.24.0-123-gd5b16e6ec5 (webtiles) character file.

Game seed: 11484181128295520883, levelgen mode: deterministic

13957 Curus the Spear-Bearer (level 11, -9/141 HPs)
             Began as a Minotaur Abyssal Knight on Feb 9, 2020.
             Was a High Priest of Lugonu.
             Mangled by a wolf (10 damage)
             ... on level 3 of the Lair of Beasts.
             The game lasted 00:59:26 (8218 turns).

Curus the Spear-Bearer (Minotaur Abyssal Knight)    Turns: 8218, Time: 00:59:27

Health: -9/141     AC: 15    Str: 23    XL:     11   Next: 82%
Magic:  18/19      EV: 14    Int:  9    God:    Lugonu [*****.]
Gold:   352        SH:  0    Dex: 12    Spells: 10/10 levels left

rFire    . . .     SeeInvis .   a - +2 spear (freeze)
rCold    + . .     Gourm    .   (no shield)
rNeg     . . .     Faith    .   s - +1 ring mail of Defence {MR+ rCorr}
rPois    +         Spirit   .   v - +2 hat
rElec    .         Reflect  .   g - +2 cloak
rCorr    +         Harm     .   U - +0 pair of gloves
MR       +....                  G - +2 pair of boots {run}
Stlth    ..........             k - amulet of regeneration
HPRegen  0.73/turn              H - ring of protection from cold
MPRegen  0.16/turn              i - ring of poison resistance

@: berserking (expiring), very quick
A: retaliatory headbutt, horns 2
a: Depart the Abyss, Bend Space, Banish, Corrupt, Enter the Abyss, Renounce
Religion


You were on level 3 of the Lair of Beasts.
You worshipped Lugonu.
Lugonu was extremely pleased with you.
You were not hungry.

You visited 2 branches of the dungeon, and saw 12 of its levels.
You visited the Abyss 1 time.

You collected 547 gold pieces.
You spent 195 gold pieces at shops.

Inventory:

Hand Weapons
 a - a +2 spear of freezing (weapon)
 D - the +2 trident "Susoamn" {antimagic, +Inv rPois Str-4}
   (You found it on level 7 of the Dungeon)

   It reduces the magical energy of the wielder, and disrupts the spells and
   magical abilities of those hit.
   Natural abilities and divine invocations are not affected.
   It affects your strength (-4).
   It protects you from poison.
   It lets you turn invisible.
 K - a +0 trident
 R - a +0 glaive of venom
Armour
 b - a +0 leather armour
 f - a +0 ring mail
 g - a +2 cloak (worn)
 s - the +1 ring mail of Defence (worn) {MR+ rCorr}
   (You found it on level 4 of the Dungeon)

   It affects your resistance to hostile enchantments.
   It provides partial protection from all sources of acid and corrosion.
 v - a +2 hat (worn)
 C - a +0 chain mail
 E - a +0 plate armour
 G - a +2 pair of boots of running (worn)
 P - a +1 hat
 U - a +0 pair of gloves (worn)
Jewellery
 i - a ring of poison resistance (right hand)
 j - an uncursed ring of protection from magic
 k - an amulet of regeneration (around neck)
 n - an uncursed ring of stealth
 p - an uncursed amulet of harm
 q - a +3 ring of strength
 F - a +3 ring of evasion
 H - a ring of protection from cold (left hand)
 N - an uncursed ring of attention
Wands
 l - a wand of digging (2)
 J - a wand of clouds (3)
 L - a wand of random effects (27)
 M - a wand of flame (18)
 S - a wand of enslavement (6)
Scrolls
 e - 2 scrolls of noise
 h - 6 scrolls of identify
 m - 2 scrolls of magic mapping
 r - 7 scrolls of remove curse
 t - 5 scrolls of teleportation
 w - 2 scrolls of amnesia
 y - 2 scrolls of fog
 I - 2 scrolls of enchant armour
Potions
 d - 3 potions of curing
 o - 5 potions of heal wounds
 u - 3 potions of might
 x - a potion of brilliance
 z - 3 potions of flight
 B - 3 potions of haste
 O - a potion of invisibility
Miscellaneous
 Q - a lamp of fire
Comestibles
 c - 29 rations


   Skills:
 - Level 7.9 Fighting
 - Level 12.0 Polearms
 - Level 2.4 Armour
 - Level 6.4 Dodging
 + Level 12.0 Invocations
 + Level 7.0 Evocations


You had 10 spell levels left.
You didn't know any spells.
Your spell library contained the following spells:

 Spells                   Type           Power        Failure   Level  Hunger
 Animate Skeleton         Necr           N/A          54%         1    ##.....
 Apportation              Tloc           #.....       54%         1    ##.....
 Confusing Touch          Hex            #.....       54%         1    ##.....
 Summon Small Mammal      Summ           #...         54%         1    ##.....
 Call Imp                 Summ           #.......     67%         2    ###....
 Poisonous Vapours        Pois/Air       #.....       67%         2    ###....
 Call Canine Familiar     Summ           #.......     88%         3    ####...
 Conjure Flame            Conj/Fire      #.......     88%         3    ####...
 Mephitic Cloud           Conj/Pois/Air  #.......     88%         3    ####...
 Summon Guardian Golem    Hex/Summ       #.......     88%         3    ####...
 Summon Ice Beast         Ice/Summ       #.......     99%         4    #####..
 Summon Lightning Spire   Summ/Air       #.......     99%         4    #####..
 Bolt of Magma            Conj/Fire/Erth #.........   100%        5    ######.
 Iskenderun's Battlesphe  Conj/Chrm      #.......     100%        5    ######.
 Venom Bolt               Conj/Pois      #.........   100%        5    ######.
 Freezing Cloud           Conj/Ice/Air   #.........   100%        6    #######
 Iron Shot                Conj/Erth      #.........   100%        6    #######
 Orb of Destruction       Conj           #.........   100%        7    #######
 Ring of Flames           Chrm/Fire      #.........   100%        7    #######
 Spellforged Servitor     Conj/Summ      #.........   100%        7    #######


Dungeon Overview and Level Annotations

Branches:
Dungeon (9/15)             Temple (0/1) D:7            Lair (3/6) D:9
  Swamp: Lair:2-4    Shoals: Lair:2-4     Snake: Lair:2-4    Spider: Lair:2-4
    Orc: D:9-12

Altars:
Sif Muna

Shops:
D:5 !

Annotations:
D:3 2 runed translucent doors, Ebobla's ghost, amateur DsFi
D:5 1 runed translucent door, JustSomeDude's ghost, novice DsGl


Innate Abilities, Weirdness & Mutations

You reflexively headbutt those who attack you in melee.
You have a pair of horns on your head.


Message History

The wolf is heavily wounded.
The wolf closely misses you. You furiously retaliate!
You headbutt the wolf. You puncture the wolf! You freeze the wolf.
You kill the wolf!
Lugonu accepts your kill.
Your Invocations skill increases to level 12!
Your Evocations skill increases to level 7!
The wolf bites you.
* * * LOW HITPOINT WARNING * * *
The wolf closely misses you.
You closely miss the wolf.
The wolf is severely wounded.
The elephant tramples you.
* * * LOW HITPOINT WARNING * * *
You hold your ground!
The elephant trunk-slaps you but does no damage.
You barely miss the wolf.
The wolf is severely wounded.
The wolf bites you but does no damage. The wolf bites you!
You die...

#P.##. ....!.
......# #####
.......###..#P#.
...............%
................
................
P......Y.†......
.......†@h......
.#PPP#.h.P.#+#..
#P...#.......
................
.........#......
.[.......P..P.#.
P....#.........
.#.#....P..#.+


You could see an elephant and 2 wolves.

Vanquished Creatures
  Gastronok (Lair:1)
  A hydra (Lair:2)
  Pikel (D:9)
  An ugly thing (D:7)
  An elephant (Lair:2)
  4 spiny frogs
  5 komodo dragons
  A polar bear (Lair:1)
  A slime creature (D:7)
  3 hippogriffs
  3 wyverns (D:9)
  A vampire (D:9)
  A spriggan (D:8)
  A basilisk (D:7)
  5 yaks (Lair:2)
  A steam dragon (D:9)
  Menkaure (D:4)
  6 water moccasins
  3 porcupines
  2 slaves (D:9)
  4 ice beasts
  3 sky beasts
  An eye of draining (D:9)
  2 orc warriors
  4 wolves (Lair:3)
  A black bear (D:9)
  2 ogres (D:9)
  A phantom (D:5)
  3 centaurs
  A necrophage (D:9)
  8 crocodiles
  8 bullfrogs
  A scorpion (D:4)
  A killer bee (D:7)
  2 howler monkeys (D:9)
  An electric eel (Lair:2)
  2 crimson imps (D:9)
  2 bullfrog zombies (D:8)
  A centaur zombie (D:8)
  6 hounds
  4 orc priests
  4 orc wizards
  2 bullfrog skeletons (D:7)
  Natasha (thrice) (D:2)
  5 iguanas
  5 worker ants
  A hound zombie (D:6)
  2 hound skeletons
  A mummy (D:6)
  A worker ant zombie (D:5)
  Robin (D:4)
  2 howler monkey skeletons
  3 adders
  A shadow imp (D:6)
  An adder skeleton (D:5)
  An adder zombie (D:6)
  2 dart slugs (D:1)
  5 leopard geckos
  16 orcs
  5 giant cockroaches
  9 goblins
  8 hobgoblins
  15 jackals
  6 kobolds
  5 quokkas
  2 ball pythons (D:4)
  8 bats
  3 frilled lizards
  2 kobold zombies (D:6)
  2 orc zombies (D:6)
  8 rats
230 creatures vanquished.

Vanquished Creatures (others)
  A komodo dragon (D:7)
  A slave (D:9)
  3 plants (Lair:1)
5 creatures vanquished.

Grand Total: 235 creatures vanquished

Notes
Turn   | Place    | Note
-------+----------+-------------------------------------------
     0 | Abyss:1  | Curus the Minotaur Abyssal Knight began the quest for the
                  | Orb.
     0 | Abyss:1  | Reached XP level 1. HP: 19/19 MP: 1/1
    53 | Abyss:1  | Noticed a starcursed mass
    72 | D:1      | Escaped the Abyss
   305 | D:1      | Reached XP level 2. HP: 26/26 MP: 2/2
   701 | D:2      | Noticed Natasha
   714 | D:2      | Killed Natasha
   714 | D:2      | Reached XP level 3. HP: 5/31 MP: 2/4
   972 | D:2      | Reached * piety under Lugonu
  1093 | D:2      | Reached XP level 4. HP: 35/39 MP: 5/5
  1410 | D:2      | Noticed Natasha
  1417 | D:2      | Killed Natasha
  1535 | D:2      | Noticed Natasha
  1544 | D:2      | Killed Natasha
  1544 | D:2      | Reached XP level 5. HP: 38/45 MP: 5/7
  1754 | D:3      | Found a large runed translucent door.
  1880 | D:3      | Reached skill level 5 in Polearms
  2024 | D:3      | Found a large runed translucent door.
  2026 | D:3      | Noticed Ebobla's ghost (amateur DsFi)
  2289 | D:4      | Reached XP level 6. HP: 47/51 MP: 8/8
  2389 | D:4      | Got a twisted ring mail
  2400 | D:4      | Identified the +1 ring mail of Defence {MR+ rCorr} (You
                  | found it on level 4 of the Dungeon)
  2459 | D:4      | Noticed Menkaure
  2466 | D:4      | Killed Menkaure
  2466 | D:4      | Reached skill level 5 in Invocations
  2474 | D:4      | Reached ** piety under Lugonu
  2492 | D:4      | Noticed Robin
  2516 | D:4      | Killed Robin
  2939 | D:5      | Entered Level 5 of the Dungeon
  2939 | D:5      | Noticed a sky beast
  2963 | D:4      | Killed a sky beast
  2963 | D:4      | Reached XP level 7. HP: 30/57 MP: 10/10
  3235 | D:5      | Found a runed translucent door.
  3235 | D:5      | Noticed JustSomeDude's ghost (novice DsGl)
  3289 | D:5      | Found Camipty's Distillery.
  3296 | D:5      | Bought a potion of berserk rage for 65 gold pieces
  3296 | D:5      | Bought a potion of haste for 130 gold pieces
  3892 | D:6      | Reached XP level 8. HP: 64/64 MP: 12/12
  4476 | D:7      | Noticed a hippogriff
  4496 | D:7      | Reached *** piety under Lugonu
  4498 | D:7      | Killed a hippogriff
  4646 | D:7      | Found a staircase to the Ecumenical Temple.
  4686 | D:7      | Got a pitted trident
  4687 | D:7      | Identified the cursed +2 trident "Susoamn" {antimagic, +Inv
                  | rPois Str-4} (You found it on level 7 of the Dungeon)
  4836 | D:7      | Reached skill level 10 in Polearms
  4837 | D:7      | Noticed a komodo dragon
  4837 | D:7      | Noticed a brown ugly thing
  4853 | D:7      | Banished a komodo dragon
  4853 | D:7      | Reached XP level 9. HP: 14/70 MP: 4/14
  5088 | D:7      | Identified a scroll of acquirement
  5095 | D:7      | Identified a +2 pair of boots of running (You acquired it
                  | on level 7 of the Dungeon)
  5321 | D:7      | Killed a brown ugly thing
  5638 | D:8      | Reached skill level 5 in Fighting
  5743 | D:8      | Reached **** piety under Lugonu
  5765 | D:8      | Reached XP level 10. HP: 74/81 MP: 16/16
  5794 | D:8      | Found a shimmering blue altar of Sif Muna.
  5909 | D:9      | Noticed Pikel
  5938 | D:9      | Killed Pikel
  6006 | D:9      | Reached skill level 5 in Dodging
  6442 | D:9      | Found a staircase to the Lair.
  6450 | Lair:1   | Entered Level 1 of the Lair of Beasts
  6463 | Lair:1   | Reached skill level 1 in Evocations
  6487 | Lair:1   | Noticed a spiny frog
  6501 | Lair:1   | Killed a spiny frog
  6511 | Lair:1   | Reached skill level 10 in Invocations
  6610 | Lair:1   | Noticed a spiny frog
  6625 | Lair:1   | Killed a spiny frog
  6657 | Lair:1   | You fall into a shaft and drop 1 floor!
  6675 | Lair:2   | Reached XP level 11. HP: 28/94 MP: 17/17
  7107 | Lair:1   | Noticed Gastronok
  7191 | Lair:1   | Killed Gastronok
  7191 | Lair:1   | Reached skill level 5 in Evocations
  7831 | Lair:2   | Noticed a six-headed hydra
  7839 | Lair:2   | Killed a six-headed hydra
  8211 | Lair:3   | Reached ***** piety under Lugonu
  8216 | Lair:3   | HP: 3/141 [wolf (6)]
  8217 | Lair:3   | HP: 1/141 [elephant (3)]
  8218 | Lair:3   | Mangled by a wolf

Levels and vault maps discovered:
D:1:      ncdulo_smallfort, layout_basic
D:2:      layout_basic, uniq_natasha
D:3:      layout_basic, ebering_ghost_disaster_area,
          chequers_serial_rivers_small_3, hangedman_abyss_or_decor_lesser_grid
D:4:      layout_basic, first_ration, serial_park_tiny_1, uniq_menkaure,
          uniq_robin
D:5:      layout_gridville, serial_shops, nicolae_shop_statue_plus,
          hellmonk_ghost_happy_afterlife, minmay_circle_x
D:6:      layout_loops_ring, minmay_mini_ossuary
D:7:      minmay_the_grid_triangle_9x9_recursive_2
          [minmay_the_grid_triangle_9x9_prize_top_heavy,
          minmay_the_grid_triangle_9x9_skeleton,
          minmay_the_grid_triangle_9x9_swiss_cheese,
          minmay_the_grid_triangle_9x9_zippers_vertical], layout_basic,
          minmay_temple_entry_offerings, st_stairs_5
D:8:      layout_rooms, marbit_many_paths, the_bakery
D:9:      layout_rooms, erik_lair_dragon, uniq_pikel
Lair:1:   layout_roguey, serial_bayou_lagoon_a, grunt_megastairs_3,
          uniq_gastronok
Lair:2:   layout_roguey, minmay_shoals_entry_lonely_mermaid,
          serial_bayou_shore_b, infiniplex_staircase_pool, lemuel_fruit_tree,
          grunt_megastairs_2
Lair:3:   lemuel_ratsnest, layout_chaotic_city, spider_nest_entry_webs,
          basic_altar, uniq_prince_ribbit2

Skill      XL: |  1  2  3  4  5  6  7  8  9 10 11 |
---------------+----------------------------------+-----
Invocations    | 2 3 4 5 6 8 9 10 12 | 12.0
Polearms       | 3 4 5 6 8 10 12 | 12.0
Fighting       | 5 7 |  7.9
Dodging        | 3 6 |  6.4
Evocations     | 3 7 |  7.0
Armour         | |  2.4

Action                   |  1- 3 |  4- 6 |  7- 9 | 10-12 || total
-------------------------+-------+-------+-------+-------++-------
Melee: Spear             |    80 |   167 |   402 |   542 ||  1191
       Headbutt          |     4 |    12 |    73 |   117 ||   206
       Trident           |       |       |    23 |       ||    23
Invok: Depart the Abyss  |     1 |       |       |       ||     1
       Banish            |       |       |     1 |       ||     1
Evoke: Wand              |       |       |       |     3 ||     3
  Use: Potion            |     1 |     3 |     7 |     2 ||    13
       Scroll            |     4 |     4 |     6 |     2 ||    16
 Stab: Sleeping          |       |     1 |       |     1 ||     2
  Eat: Chunk             |       |     6 |    10 |     8 ||    24
Armor: Leather armour    |     8 |       |       |       ||     8
       Ring mail         |    16 |    42 |   112 |   117 ||   287
Dodge: Dodged            |    35 |    49 |   118 |   175 ||   377
